Map: Twilight Fortress

Players

SLicKcHeeZEE - Winner!

  • Race: Zerg Zerg

A.I. 1 (Very Hard)

  • Race: Terran Terran

VOD

Have the link to the VOD?

Description

Time

  • Played on: Sept. 2, 2026, 3:34 a.m.
  • Length: 13:11
Show
View Real Time Build Order
Export as new Build Order

SLicKcHeeZEE Zerg - Winner!

Build Orders: Hatch First, Roach Hydra 

Get SALT Encoding   

  8  0:01  Drone  
  9  0:11  Drone  
  10  0:17  Drone  
  11  0:27  Overlord  
  11  0:33  Drone  
  12  0:46  Drone x2  
  14  0:51  Drone  
  15  1:14  Hatchery  
  15  1:16  Drone  
  15  1:20  Drone  
  16  1:35  Spawning Pool  
  16  1:39  Extractor  
  14  1:41  Drone  
  14  1:45  Drone  
  16  1:49  Drone  
  16  1:53  Drone  
  18  2:01  Overlord  
  18  2:11  Drone  
  19  2:22  Queen  
  21  2:29  Queen  
  23  2:33  Drone  
  24  2:38  Drone  
  24  2:39  Drone  
  26  2:47  Overlord  
  26  2:50  Drone  
  27  2:53  Drone  
  27  2:56  Drone  
  29  3:00  Drone  
  30  3:11  Lair  
  30  3:17  Roach Warren  
  30  3:19  Extractor  
  28  3:22  Drone  
  28  3:23  Drone  
  30  3:28  Overlord  
  30  3:32  Drone  
  30  3:33  Drone  
  32  3:36  Drone  
  33  3:43  Drone x3  
  33  3:46  Drone  
  37  3:48  Drone  
  37  3:53  Overlord  
  38  3:56  Drone  
  38  3:58  Drone  
  40  4:06  Roach  
  40  4:07  Roach x2  
  48  4:10  Roach  
  48  4:15  Hydralisk Den  
  47  4:18  Overlord  
  47  4:33  Hatchery  
  47  4:38  Queen  
  48  4:49  Extractor  
  48  4:51  Hydralisk x3  
  53  4:54  Overlord  
  53  5:00  Drone x3  
  53  5:03  Drone x2  
  53  5:06  Grooved Spines  
  58  5:09  Glial Reconstitution  
  58  5:12  Drone x2  
  60  5:14  Drone  
  61  5:32  Extractor  
  61  5:35  Overlord  
  60  5:47  Pneumatized Carapace  
  60  5:48  Drone  
  60  5:49  Drone x2  
  63  6:08  Roach x3, Hydralisk x2  
  63  6:10  Roach  
  63  6:11  Roach x2, Hydralisk x2  
  83  6:19  Evolution Chamber  
  83  6:20  Evolution Chamber  
  83  6:21  Drone  
  82  6:31  Roach  
  84  6:34  Overlord x3  
  84  6:45  Extractor  
  83  6:49  Zerg Ground Armor Level 1  
  83  6:50  Zerg Missile Weapons Level 1  
  83  6:59  Roach x3  
  83  7:00  Hydralisk x2  
  93  7:02  Roach x3, Hydralisk x2  
  93  7:04  Roach x2  
  93  7:05  Overlord  
  107  7:12  Drone  
  108  7:24  Hatchery  
  108  7:37  Ravager x3  
  108  7:38  Ravager  
  108  7:42  Hatchery  
  111  7:48  Overlord x4  
  111  7:56  Queen  
  113  8:00  Muscular Augments  
  113  8:08  Infestation Pit  
  112  8:14  Drone x2  
  112  8:15  Drone  
  112  8:19  Roach x3, Hydralisk x2  
  125  8:21  Roach x2  
  129  8:41  Drone x3  
  129  8:42  Drone  
  96  9:27  Zerg Missile Weapons Level 2, Zerg Ground Armor Level 2  
  96  9:55  Roach x3, Hydralisk x2  
  96  9:56  Hydralisk x3, Roach x3  
  96  9:57  Hydralisk x3, Roach x3  
  96  9:58  Roach x6, Hydralisk x2  
  96  9:59  Roach x3  
  152  10:16  Overlord x3  
  152  10:42  Overlord  
  152  10:43  Overlord  
  106  11:39  Hydralisk x2, Roach x2  
  114  11:40  Roach x4, Hydralisk x2  
  114  11:41  Hydralisk x4, Roach x3  
  114  11:42  Roach x5, Hydralisk x2  
  114  11:43  Roach x4, Hydralisk x2  
Show
View Real Time Build Order
Export as new Build Order

A.I. 1 (Very Hard) Terran 

Build Orders:  

Get SALT Encoding   

  8  0:00  SCV  
  9  0:13  SCV  
  10  0:25  SCV  
  11  0:37  SCV  
  12  0:46  Supply Depot  
  12  0:49  SCV  
  13  0:58  Refinery  
  13  1:07  SCV  
  14  1:19  SCV  
  14  1:20  Barracks  
  15  1:32  SCV  
  16  1:44  SCV  
  17  1:56  SCV  
  18  2:07  Marine  
  18  2:08  SCV  
  20  2:10  Factory  
  20  2:20  Supply Depot  
  20  2:21  Orbital Command  
  20  2:35  Barracks  
  20  2:36  Marine  
  21  2:47  SCV  
  22  2:56  Hellion, Barracks Tech Lab  
  24  2:59  SCV  
  25  3:06  Supply Depot  
  25  3:14  Concussive Shells  
  25  3:17  Marauder  
  25  3:19  Hellion  
  29  3:23  Barracks Tech Lab  
  29  3:31  SCV  
  30  3:38  Refinery  
  30  3:39  Marauder  
  32  3:41  Marine  
  32  3:43  SCV  
  34  3:51  Starport  
  34  3:55  SCV  
  34  3:59  Marine  
  34  4:00  Marine  
  37  4:04  Supply Depot  
  37  4:25  Marine x2  
  37  4:26  SCV, Stimpack  
  37  4:29  Medivac  
  42  4:38  SCV  
  43  4:42  Supply Depot  
  43  4:43  Marine x2  
  45  5:04  Marine, Marauder  
  45  5:06  SCV  
  49  5:07  Barracks  
  49  5:10  Supply Depot  
  49  5:22  Marauder  
  49  5:23  Command Center  
  49  5:28  Marauder  
  53  5:43  Marauder  
  53  5:45  Supply Depot  
  53  5:49  Marine  
  56  5:54  Barracks Reactor  
  56  5:56  Medivac  
  58  6:04  Engineering Bay, Marine  
  58  6:07  Marauder  
  61  6:23  Marauder, Supply Depot  
  63  6:28  Marine  
  63  6:30  Terran Infantry Weapons Level 1, Marine  
  63  6:32  Marine  
  66  6:37  SCV  
  67  6:42  SCV  
  67  6:44  Marauder  
  67  6:46  Marine  
  71  6:49  SCV  
  72  6:54  SCV  
  72  6:58  Combat Shield  
  73  7:01  SCV  
  73  7:04  Marauder  
  73  7:06  SCV  
  77  7:11  Marauder  
  77  7:13  SCV  
  80  7:17  Supply Depot  
  80  7:18  SCV  
  81  7:25  Marauder, SCV  
  84  7:30  SCV  
  84  7:31  Engineering Bay  
  85  7:38  SCV  
  85  7:43  SCV  
  87  7:44  Missile Turret  
  87  7:49  Supply Depot  
  87  7:50  SCV  
  88  7:55  SCV, Missile Turret  
  88  7:57  Terran Infantry Armor Level 1  
  89  8:02  SCV  
  89  8:04  Barracks, Starport Reactor  
  90  8:07  SCV  
  90  8:10  Marine  
  92  8:14  SCV  
  92  8:16  Supply Depot  
  92  8:18  Marine  
  92  8:19  SCV  
  95  8:20  Marine  
  95  8:21  Marine  
  97  8:30  Marauder  
  97  8:32  Orbital Command  
  99  8:36  Marauder  
  99  8:41  Viking, Medivac, Supply Depot  
  105  8:51  Marauder  
  107  8:57  Marauder  
  107  9:02  Missile Turret, Command Center  
  109  9:06  Marine x2  
  109  9:08  Marine  
  100  9:10  Medivac  
  100  9:11  Viking  
  100  9:12  Marine  
  82  9:18  Marine  
  82  9:24  Marine x2  
  70  9:26  Marine  
  70  9:30  Marauder  
  74  9:37  Marauder  
  76  9:40  Medivac  
  76  9:41  Viking, Marine  
  76  9:42  Marine, Missile Turret  
  76  9:44  Marine  
  83  9:51  Marine  
  84  9:57  Marine  
  84  9:59  Marine  
  86  10:00  Marine  
  86  10:01  Marine  
  86  10:03  Refinery  
  88  10:09  Marauder  
  88  10:10  Viking  
  88  10:11  Medivac, Armory  
  94  10:15  SCV x3, Marine  
  98  10:27  SCV  
  99  10:29  SCV  
  99  10:30  SCV  
  99  10:31  Missile Turret, Marauder  
  99  10:35  Marauder  
  105  10:39  SCV  
  105  10:41  SCV  
  105  10:42  Missile Turret  
  107  10:43  SCV  
  107  10:48  Viking  
  110  10:51  SCV  
  110  10:52  Viking, Marauder  
  110  10:54  SCV  
  110  10:55  Orbital Command  
  110  10:56  Marauder  
  118  11:03  SCV, Supply Depot  
  119  11:06  Missile Turret, SCV  
  120  11:14  Marauder, Marine  
  120  11:15  Marine, SCV  
  120  11:18  Marauder  
  121  11:21  Marine  
  90  11:27  Refinery  
  90  11:30  Factory Tech Lab  
  90  11:32  Marine x2  
  73  11:35  Marauder  
  73  11:39  Refinery, Marauder  
  73  11:42  Refinery  
  73  11:44  SCV  
  69  11:47  Medivac  
  69  11:48  Siege Tank  
  69  11:49  SCV  
  69  11:50  Marine x2, SCV  
  73  11:56  Marine  
  73  12:00  Marine  
  73  12:01  SCV  
  57  12:02  SCV  
  57  12:07  Marine  
  46  12:08  Marine  
  46  12:13  SCV  
  46  12:14  SCV, Marauder  
  40  12:18  Marauder  
Tags
 
Add a new tag
Caveats
  • Supply blocks, unpowered buildings, or Contaminate may cause inaccurate times.
  • Supply counts are checked every 10 seconds.